 Dungeon Crawl Stone Soup version 0.30-a0-737-gf23d94013f (webtiles) character file.

Game seed: 12108084305931391713

185 pokeman the Magician (level 5, -3/29 HPs)
             Began as a Deep Elf Hedge Wizard on Feb 1, 2023.
             Slain by Pikel
             ... wielding a +0 whip of electrocution
              (16 damage)
             ... on level 4 of the Dungeon.
             The game lasted 00:06:31 (4034 turns).

pokeman the Magician (Deep Elf Hedge Wizard)        Turns: 4034, Time: 00:06:32

Health: -3/29      AC:  6    Str:  7    XL:     5   Next: 37%
Magic:  0/15       EV: 13    Int: 21    God:
Gold:   207        SH:  0    Dex: 14    Spells: 5/16 levels left

rFire   . . .      SeeInvis .    a - +0 dagger
rCold   . . .      Faith    .    (no shield)
rNeg    . . .      Spirit   .    b - +0 robe
rPois   .          Reflect  .    m - +0 helmet
rElec   .          Harm     .    (no cloak)
rCorr   .          Rampage  .    h - +2 pair of gloves
Will    .....                    (no boots)
Stlth   ++                       n - amulet of the acrobat
HPRegen 0.24/turn                (no ring)
MPRegen 0.14/turn                (no ring)

@: no status effects
A: no striking features
a: no special abilities


You were on level 4 of the Dungeon.
You visited 1 branch of the dungeon, and saw 4 of its levels.

You collected 207 gold pieces.

Inventory:

Hand Weapons
 a - a +0 dagger (weapon)
Armour
 b - a +0 robe (worn)
 h - a +2 pair of gloves (worn)
 m - a +0 helmet (worn)
Jewellery
 n - an amulet of the acrobat (around neck)
Scrolls
 e - 2 scrolls of amnesia {unknown}
 f - 2 scrolls of magic mapping {unknown}
 i - a scroll of fear {unknown}
 k - 2 scrolls of identify {unknown}
 o - a scroll of teleportation {unknown}
 q - 2 scrolls of immolation {unknown}
 r - a scroll of summoning {unknown}
Potions
 c - 3 potions of curing {unknown}
 d - a potion of magic
 g - a potion of might {unknown}
 j - a potion of brilliance {unknown}
 l - a potion of cancellation {unknown}
 p - 2 potions of berserk rage {unknown}
 s - a potion of mutation {unknown}
 t - a potion of haste {unknown}


   Skills:
 - Level 1.0 Fighting
 - Level 1.0 Armour
 - Level 3.1 Dodging
 + Level 2.5 Stealth
 - Level 1.0 Shields
 * Level 6.3 Spellcasting
 + Level 2.6 Conjurations
 - Level 1.1 Summonings
 - Level 1.1 Translocations
 + Level 0.2 Air Magic


You had 5 spell levels left.
You knew the following spells:

 Your Spells              Type           Power      Damage    Failure   Level
a - Magic Dart            Conj           68%        1d6       3%          1
b - Mephitic Cloud        Conj/Pois/Air  10%        N/A       19%         3
c - Call Imp              Summ           11%        N/A       9%          2
d - Blink                 Tloc           22%        N/A       9%          2
e - Stone Arrow           Conj/Erth      24%        3d8       17%         3

Your spell library contained the following spells:

 Spells                   Type           Power      Damage    Failure   Level
 Sandblast                Erth           12%        2d6       10%         1
 Slow                     Hex            24%        N/A       10%         1
 Cigotuvi's Dreadful Rot  Necr/Pois/Air  12%        N/A       14%         2
 Passwall                 Tmut/Erth      5%         N/A       14%         2
 Sublimation of Blood     Necr           6%         N/A       14%         2
 Wereblood                Tmut           6%         N/A       14%         2
 Yara's Violent Unravell  Hex/Tmut       3%         3d4       95%         5
 Enfeeble                 Hex            3%         N/A       100%        7
 Summon Hydra             Summ           5%         N/A       100%        7


Dungeon Overview and Level Annotations

Branches:
Dungeon (4/15)
 Temple: D:4-7

Altars:
Yredelemnul

Shops:
D:1 (?(:*

Annotations:
D:4 Pikel


Message History

You miscast Mephitic Cloud.
You are very lightly contaminated with residual magic.
Nothing appears to happen.
Casting: Mephitic Cloud (quite dangerous; 19% risk of failure)
Confirm with . or Enter, or press ? or * to list all spells.
The spell is quite dangerous to miscast (19% risk of failure)!
Continue anyway?
Aiming: Mephitic Cloud (quite dangerous; 19% risk of failure)
Press: ? - help, Shift-Dir - straight line, f/p - Pikel
Aim: Pikel, wielding a +0 whip of electrocution and wearing a +0 robe (severely wounded, ally target, chance to affect: 72%)
The ball explodes into a vile cloud!
The stinking cloud engulfs Pikel but does no damage.
Pikel is severely wounded.
Pikel is engulfed in noxious fumes.
Pikel appears confused.
You swap places.
Your crimson imp hits Pikel.
Your crimson imp hits Pikel.
Casting: Mephitic Cloud (quite dangerous; 19% risk of failure)
Confirm with . or Enter, or press ? or * to list all spells.
Aiming: Magic Dart (safe; 3% risk of failure)
Press: ? - help, Shift-Dir - straight line, f/p - Pikel
Aim: Pikel, wielding a +0 whip of electrocution and wearing a +0 robe (almost dead, confused, ally target, 100% to hit)
The magic dart hits Pikel.
Pikel is almost dead.
Your crimson imp hits Pikel but does no damage.
Your crimson imp closely misses Pikel.
Your magical contamination has completely faded away.
You hit Pikel but do no damage.
Pikel is almost dead.
Pikel looks very confused.
Pikel hits you with a +0 whip of electrocution.
Your crimson imp blinks!
You hit Pikel but do no damage.
Pikel is almost dead.
Pikel seems less confused.
Pikel hits you with a +0 whip of electrocution.
Pikel attacks as you move away!
Pikel hits you with a +0 whip of electrocution!
You are electrocuted!
Ouch! That really hurt!
You die...

.....#####..#.....##.............
###### #.##.#......#######.....
#.##.#.###### #..##. ###.##.#.#
#.#... ##...#....# ####...## #
##..###>..## #.....### #
##..##....###########.รท...... #
###.>.......###............####
###....#######5K@.####....####
......#######..####........#
...#.#........#####.###....#
#......########.)...###....#
#..###......##<.####.......#
#####........#.#####...#...#
.###...........# #....######
..##...........###.#..# ##
...#..........###..#.## ########.


You could see Pikel (ally target) and a friendly crimson imp (summoned).

Vanquished Creatures
  A hound (D:4)
  9 adders
  3 dart slugs
  2 orcs
  7 ball pythons
  3 bats
  8 endoplasms
  3 giant cockroaches
  6 goblins
  4 hobgoblins
  A jackal (D:3)
  6 kobolds
  2 quokkas
  3 frilled lizards
  6 rats
64 creatures vanquished.

Vanquished Creatures (collateral kills)
  4 lemures (D:4)
4 creatures vanquished.

Grand Total: 68 creatures vanquished

Notes
Turn   | Place    | Note
-------+----------+-------------------------------------------
     0 | D:1      | pokeman the Deep Elf Hedge Wizard began the quest for the
                  | Orb.
     0 | D:1      | Reached XP level 1. HP: 10/10 MP: 7/7
    12 | D:1      | Found Xiut's Book Boutique.
    34 | D:1      | Found Nontap's Assorted Antiques.
   217 | D:1      | Found Voeviwud's Weapon Boutique.
   315 | D:1      | Reached XP level 2. HP: 15/15 MP: 6/9
   414 | D:1      | Found Vorghin's Magic Scroll Shop.
   464 | D:1      | Found Cibej's Weapon Boutique.
  1082 | D:2      | Reached skill level 5 in Spellcasting
  1131 | D:2      | Reached XP level 3. HP: 20/20 MP: 7/11
  1135 | D:2      | Learned a level 3 spell: Mephitic Cloud
  1138 | D:2      | Learned a level 2 spell: Call Imp
  1141 | D:2      | Learned a level 2 spell: Blink
  1145 | D:2      | Learned a level 3 spell: Stone Arrow
  1534 | D:2      | Reached skill level 1 in Fighting
  1534 | D:2      | Reached skill level 1 in Armour
  1824 | D:2      | Reached XP level 4. HP: 25/25 MP: 9/13
  3124 | D:4      | Reached skill level 6 in Spellcasting
  3281 | D:4      | Reached skill level 1 in Shields
  3281 | D:4      | Reached XP level 5. HP: 29/29 MP: 4/15
  3504 | D:4      | Found a basalt altar of Yredelemnul.
  3550 | D:4      | Noticed Pikel
  3550 | D:4      | Noticed a lemure
  3550 | D:4      | Noticed a lemure
  3550 | D:4      | Noticed a lemure
  3550 | D:4      | Noticed a lemure
  3592 | D:4      | Killed a lemure
  3728 | D:4      | Killed a lemure
  3753 | D:4      | Killed a lemure
  3917 | D:4      | Killed a lemure
  4034 | D:4      | Slain by Pikel

Illustrated notes

Levels and vault maps discovered:
D:1:      saegor_arrival_simple_b, layout_loops_ring, serial_shops,
          nicolae_shop_hallway_stairs, shop, shop, shop_fountains, shop
D:2:      layout_basic
D:3:      minmay_diamond_boxcup, layout_basic
D:4:      layout_rooms, lemuel_doored_altar, uniq_pikel

Skill      XL: |  1  2  3  4 |
---------------+-------------+-----
Spellcasting   | 5 6 |  6.3
Fighting       | 1 |  1.0
Armour         | 1 |  1.0
Conjurations   | 2 |  2.6
Dodging        | 3 |  3.1
Shields        | 1 |  1.0
Stealth        | |  2.5
Summonings     | |  1.1
Translocations | |  1.1
Air Magic      | |  0.2

Action                     |  1- 3 |  4- 6 || total
---------------------------+-------+-------++-------
  Melee: Dagger            |       |     2 ||     2
   Cast: Magic Dart        |    80 |   121 ||   201
         Call Imp          |       |     7 ||     7
         Mephitic Cloud    |       |     3 ||     3
 Armour: Robe              |     2 |    13 ||    15
  Dodge: Dodged            |     5 |    29 ||    34

Table legend: (Time is in decaauts)
 A = Elapsed time spent in this place.
 B = Non-inter-level travel time spent in this place.
 C = Inter-level travel time spent in this place.
 D = Time resting spent in this place.
 E = Time spent auto-exploring this place.
 F = Levels seen in this place.
 G = Mean time per level.
                   A        B        C        D        E       F      G
               +--------+--------+--------+--------+--------+-----+--------+
         Total |   4033 |   3922 |    111 |     32 |   3372 |   4 | 1008.2 |
       Dungeon |   4033 |   3922 |    111 |     32 |   3372 |   4 | 1008.2 |
               +--------+--------+--------+--------+--------+-----+--------+

Top non-repeatable levels by time:
     D:2: 1215 daAuts
     D:1: 1052 daAuts
     D:4: 919 daAuts
     D:3: 845 daAuts
